Map: Garden of Shadows

Players

Amix - Winner!

  • Race: Zerg Zerg
  • League: Platinum
  • Spawn Location: 11:00

BatDog - Winner!

  • Race: Terran Terran
  • Spawn Location: 11:00

chusux - Winner!

  • Race: Protoss Protoss
  • Spawn Location: 1:00

protobuff - Winner!

  • Race: Protoss Protoss
  • Spawn Location: 1:00

A.I. 4 (Very Easy)

  • Race: Zerg Zerg
  • Spawn Location: 7:00

A.I. 5 (Very Easy)

  • Race: Zerg Zerg
  • Spawn Location: 7:00

A.I. 6 (Medium)

  • Race: Protoss Protoss
  • Spawn Location: 5:00

A.I. 7 (Medium)

  • Race: Terran Terran
  • Spawn Location: 5:00

VOD

Have the link to the VOD?

Description

Time

  • Played on: Nov. 17, 2016, 12:14 p.m.
  • Length: 22:45
Show
View Real Time Build Order
Export as new Build Order

Amix Zerg - Winner!

Build Orders: Pool First 

Get SALT Encoding   

  12  0:01  Drone  
  13  0:08  Drone  
  14  0:17  Overlord  
  14  0:24  Drone, Extractor  
  15  0:46  Drone x3  
  18  1:00  Spawning Pool, Extractor  
  16  1:16  Drone  
  17  1:22  Drone, Hatchery  
  17  1:35  Drone x2  
  20  1:40  Drone  
  20  1:53  Drone  
  21  1:58  Roach Warren  
  21  2:00  Metabolic Boost  
  20  2:03  Drone  
  21  2:20  Drone  
  22  2:25  Extractor  
  22  2:28  Overlord  
  21  2:33  Queen  
  23  2:39  Queen  
  23  2:41  Roach  
  23  2:42  Zergling x2  
  28  2:50  Overlord  
  28  2:52  Drone  
  28  2:54  Drone  
  28  2:55  Drone  
  31  3:20  Zergling x2  
  31  3:21  Zergling x4  
  34  3:27  Hatchery  
  34  3:31  Zergling x6  
  36  3:50  Roach x4  
  36  3:51  Overlord  
  36  3:53  Overlord  
  44  4:22  Drone  
  44  4:23  Drone x5  
  50  4:47  Overlord x4  
  50  4:52  Lair  
  50  4:55  Extractor x2  
  50  4:56  Queen  
  50  4:57  Queen  
  50  4:59  Drone x2  
  54  5:01  Drone  
  55  5:10  Drone x2  
  57  5:17  Roach  
  57  5:18  Roach  
  57  5:19  Zergling x2  
  62  5:32  Pneumatized Carapace  
  62  5:40  Drone x2  
  62  5:41  Drone x4, Evolution Chamber  
  62  5:42  Drone, Evolution Chamber  
  67  5:57  Hydralisk Den  
  56  6:43  Queen x2  
  56  6:45  Drone x4  
  56  6:46  Drone x8  
  56  6:47  Drone x2  
  74  6:48  Zerg Melee Weapons Level 1  
  74  6:49  Zerg Ground Armor Level 1  
  74  6:56  Infestation Pit  
  74  6:58  Drone x2, Extractor  
  74  6:59  Extractor  
  73  7:02  Overlord  
  73  7:29  Drone x8  
  82  7:30  Drone x2  
  83  7:42  Hydralisk x4, Roach  
  83  7:43  Hydralisk x2  
  97  7:50  Drone x3  
  100  7:56  Overseer  
  100  7:58  Burrow  
  100  7:59  Hydralisk, Roach x2  
  106  8:13  Drone, Spore Crawler  
  106  8:14  Spore Crawler x2, Overlord x4  
  104  8:22  Hive  
  104  8:25  Drone x2  
  106  8:28  Overlord  
  106  8:39  Muscular Augments  
  106  8:51  Zergling x6  
  106  8:52  Hatchery, Zergling x14  
  106  8:54  Extractor  
  106  8:55  Extractor  
  113  9:08  Unknown  
  113  9:15  Drone x3  
  116  9:22  Drone x4  
  116  9:23  Drone  
  121  9:26  Overlord x2  
  121  9:27  Glial Reconstitution  
  121  9:36  Drone x3  
  124  9:40  Zerg Melee Weapons Level 2  
  124  9:50  Ultralisk Cavern  
  124  9:52  Overlord x7  
  123  10:02  Zerg Ground Armor Level 2  
  123  10:08  Drone x4  
  123  10:09  Drone x2  
  120  10:53  Ultralisk x5  
  120  10:54  Ultralisk x5  
  180  10:58  Chitinous Plating  
  180  11:34  Ultralisk x3  
  198  11:41  Adrenal Glands  
  197  11:58  Overseer x2  
  197  12:13  Zergling x4  
  199  12:42  Hatchery  
  198  13:02  Hatchery  
  198  13:03  Zerg Melee Weapons Level 3  
  198  13:04  Zerg Ground Armor Level 3  
  197  14:28  Unknown  
  197  15:11  Unknown  
  197  16:29  Unknown  
  197  16:44  Unknown  
  197  16:51  Lurker Den  
  197  16:53  Pathogen Glands  
  197  17:00  Overseer  
  197  17:39  Hatchery  
  196  17:50  Neural Parasite  
  196  18:01  Unknown  
  196  18:24  Spine Crawler  
  196  18:26  Spine Crawler  
  196  18:27  Spore Crawler x2, Spine Crawler x2  
  193  18:28  Spore Crawler  
  187  18:57  Unknown  
  163  22:18  Hatchery  
Show
View Real Time Build Order
Export as new Build Order

BatDog Terran - Winner!

Build Orders:  

Get SALT Encoding   

  12  0:08  SCV  
  13  0:20  SCV  
  14  2:03  Refinery  
  14  2:16  Supply Depot  
  14  2:21  SCV  
  15  2:37  SCV  
  16  2:49  SCV  
  17  3:01  SCV  
  18  3:08  Barracks  
  18  3:13  SCV  
  19  3:48  Engineering Bay  
  19  4:10  SCV  
  20  4:20  Marine  
  20  4:22  SCV  
  22  4:34  SCV  
  23  4:50  Refinery  
  23  6:07  Supply Depot  
  23  6:29  Marine, SCV  
  25  6:34  Supply Depot  
  25  6:41  SCV  
  25  6:47  Marine  
  27  7:04  Marine  
  28  7:22  Marine  
  29  7:40  Marine  
  30  7:58  Marine  
  31  8:16  Reaper  
  33  8:48  Reaper  
  33  9:19  SCV  
  34  10:14  Factory  
  34  10:15  Barracks Reactor  
  34  10:33  Ghost Academy  
  34  11:09  Factory Reactor  
  34  11:46  Reaper  
  36  11:47  Reaper  
  36  12:15  Armory  
  36  12:18  SCV, Reaper  
  36  12:19  Reaper  
  39  12:40  Armory  
  39  13:34  SCV  
  39  13:35  Reaper x2  
  36  13:46  SCV  
  37  13:58  SCV  
  38  14:07  Reaper  
  39  14:27  Starport  
  39  14:36  Terran Vehicle Weapons Level 1  
  39  15:07  Personal Cloaking  
  39  15:46  Supply Depot  
  39  15:51  Liberator  
  39  16:08  SCV, Reaper x2  
  45  16:31  Terran Vehicle And Ship Armor Level 1  
  45  16:40  Marine x2  
  47  18:25  Terran Ship Weapons Level 1  
  47  18:42  Supply Depot  
  47  18:46  Liberator  
  47  19:03  Reaper x2  
  47  19:04  Missile Turret  
  52  19:17  Supply Depot  
  52  19:28  Supply Depot  
  52  19:35  Reaper  
  53  19:46  Viking  
  55  19:59  Sensor Tower  
  55  20:16  Viking  
  57  20:46  Viking  
Show
View Real Time Build Order
Export as new Build Order

chusux Protoss - Winner!

Build Orders:  

Get SALT Encoding   

  12  0:03  Probe (Chrono Boost)  
  13  0:19  Pylon  
  13  0:26  Assimilator  
  13  0:33  Probe (Chrono Boost), Assimilator  
  14  0:44  Pylon  
  14  0:45  Probe (Chrono Boost)  
  15  1:14  Probe (Chrono Boost), Pylon  
  16  1:24  Probe (Chrono Boost)  
  17  1:35  Probe (Chrono Boost), Gateway  
  18  1:45  Probe (Chrono Boost)  
  19  1:56  Probe (Chrono Boost)  
  20  4:15  Zealot  
  22  4:26  Forge  
  22  4:36  Cybernetics Core  
  22  4:41  Probe (Chrono Boost)  
  22  4:42  Zealot  
  25  4:52  Probe (Chrono Boost)  
  26  4:58  Pylon  
  26  5:00  Pylon  
  26  5:02  Probe (Chrono Boost)  
  27  5:09  Zealot  
  27  5:13  Probe (Chrono Boost)  
  30  5:22  Protoss Air Weapons Level 1  
  30  5:23  Probe (Chrono Boost)  
  31  5:33  Photon Cannon x2  
  31  5:36  Zealot  
  33  5:49  Stargate  
  31  6:04  Zealot  
  27  6:31  Zealot  
  29  6:34  Phoenix  
  31  6:49  Photon Cannon  
  31  6:50  Photon Cannon  
  31  6:51  Photon Cannon  
  31  6:58  Zealot  
  31  6:59  Phoenix  
  35  7:16  Protoss Air Armor Level 1  
  35  7:24  Phoenix  
  35  7:25  Zealot, Gateway  
  35  7:28  Gateway  
  39  7:49  Phoenix  
  41  7:52  Zealot  
  43  8:08  Nexus  
  43  8:14  Phoenix  
  43  8:19  Zealot  
  47  8:21  Pylon  
  47  8:46  Zealot  
  49  9:08  Assimilator  
  49  9:11  Warp Gate  
  49  9:15  Assimilator  
  49  9:22  Pylon  
  49  9:25  Pylon  
  49  9:32  Adept  
  49  9:35  Adept  
  53  9:50  Probe (Chrono Boost)  
  54  9:59  Adept  
  56  10:01  Probe (Chrono Boost)  
  57  10:11  Probe (Chrono Boost)  
  42  10:22  Probe (Chrono Boost)  
  42  10:26  Adept  
  39  10:35  Adept x2  
  43  10:48  Probe (Chrono Boost)  
  44  10:53  Adept  
  46  10:59  Probe (Chrono Boost)  
  46  11:02  Adept x2  
  51  11:10  Probe (Chrono Boost)  
  52  11:20  Probe (Chrono Boost), Adept  
  55  11:29  Zealot, Adept  
  55  11:31  Probe (Chrono Boost)  
  60  11:41  Probe (Chrono Boost)  
  61  11:50  Pylon  
  61  11:52  Probe (Chrono Boost)  
  62  12:02  Probe (Chrono Boost)  
  63  12:13  Fleet Beacon, Probe (Chrono Boost)  
  64  12:25  Void Ray  
  68  12:43  Photon Cannon  
  68  13:08  Void Ray  
  68  13:10  Stargate  
  72  13:13  Stargate  
  67  14:12  Void Ray  
  67  14:55  Void Ray  
  71  15:23  Nexus  
  71  15:38  Carrier  
  77  15:48  Pylon  
  77  15:50  Pylon  
  77  15:54  Pylon  
  75  16:09  Adept x2  
  75  16:10  Adept  
  63  17:19  Probe (Chrono Boost)  
  62  17:30  Probe (Chrono Boost)  
  59  17:40  Probe (Chrono Boost)  
  56  17:51  Probe (Chrono Boost)  
  51  17:56  Carrier  
  51  17:58  Tempest x2  
  57  18:01  Probe (Chrono Boost)  
  62  18:27  Anion Pulse-Crystals  
  61  18:40  Tempest  
  65  18:41  Tempest  
  65  18:43  Adept  
  65  18:47  Adept x2  
  75  19:10  Adept  
  75  19:14  Adept x2  
  78  19:22  Void Ray  
  78  19:23  Void Ray  
  86  19:24  Phoenix  
  88  19:31  Graviton Catapult  
  88  19:37  Adept  
  90  19:41  Adept x2  
  94  19:49  Phoenix  
  96  20:04  Oracle, Adept  
  101  20:08  Adept x2  
  105  20:31  Adept  
  107  20:35  Adept x2  
  107  20:40  Void Ray x2  
  119  20:58  Stalker  
  119  21:02  Stalker x2  
  119  21:03  Nexus  
  125  21:14  Pylon  
  125  21:15  Pylon  
  125  21:17  Pylon  
  125  21:28  Stalker  
  125  21:32  Stalker x2  
  131  21:45  Assimilator  
  131  21:51  Assimilator  
  131  21:58  Stalker  
  131  21:59  Robotics Facility  
  133  22:02  Stalker x2  
  137  22:09  Twilight Council  
Show
View Real Time Build Order
Export as new Build Order

protobuff Protoss - Winner!

Build Orders:  

Get SALT Encoding   

  12  0:04  Probe (Chrono Boost)  
  14  0:14  Probe (Chrono Boost)  
  14  0:19  Assimilator  
  14  0:25  Probe (Chrono Boost)  
  15  0:36  Pylon  
  15  0:54  Probe (Chrono Boost)  
  16  0:57  Gateway  
  16  1:13  Pylon  
  16  1:45  Zealot  
  18  1:56  Nexus  
  18  1:59  Pylon  
  18  2:12  Zealot  
  20  2:39  Zealot (Chrono Boost)  
  20  2:42  Cybernetics Core  
  22  3:04  Zealot (Chrono Boost)  
  22  3:05  Pylon  
  24  3:07  Probe  
  25  3:18  Probe  
  26  3:23  Warp Gate  
  26  3:28  Zealot (Chrono Boost), Probe  
  29  3:36  Forge  
  29  3:39  Probe  
  30  3:44  Pylon  
  30  3:49  Probe  
  30  3:51  Zealot (Chrono Boost)  
  33  4:00  Probe  
  33  4:02  Probe  
  35  4:10  Probe  
  35  4:14  Probe  
  35  4:15  Zealot (Chrono Boost)  
  39  4:21  Probe  
  40  4:27  Probe  
  40  4:28  Gateway  
  41  4:31  Probe  
  44  4:39  Zealot (Chrono Boost), Probe  
  44  4:42  Probe  
  46  4:48  Assimilator  
  46  4:51  Probe  
  47  4:52  Probe  
  48  5:02  Zealot (Chrono Boost)  
  48  5:03  Probe  
  48  5:05  Probe  
  52  5:25  Mothership Core  
  52  5:26  Zealot (Chrono Boost)  
  56  5:31  Protoss Air Weapons Level 1  
  58  5:39  Zealot (Chrono Boost)  
  58  5:47  Probe  
  58  5:49  Stalker (Chrono Boost)  
  61  5:57  Probe, Assimilator  
  61  6:01  Assimilator  
  64  6:06  Zealot (Chrono Boost)  
  64  6:08  Probe  
  61  6:11  Gateway  
  61  6:15  Stalker (Chrono Boost)  
  57  6:18  Probe  
  58  6:29  Probe  
  61  6:34  Zealot (Chrono Boost)  
  61  6:55  Probe  
  61  7:01  Zealot (Chrono Boost)  
  64  7:06  Probe  
  65  7:17  Probe  
  66  7:27  Zealot (Chrono Boost)  
  70  7:33  Stalker (Chrono Boost)  
  70  7:39  Probe  
  69  7:50  Zealot (Chrono Boost), Probe  
  52  8:03  Stalker (Chrono Boost)  
  54  8:08  Protoss Air Armor Level 1  
  54  8:14  Zealot (Chrono Boost)  
  56  8:33  Stalker (Chrono Boost)  
  58  8:37  Zealot (Chrono Boost)  
  60  8:51  Nexus  
  60  8:55  Stargate  
  60  8:57  Robotics Facility  
  60  9:01  Zealot (Chrono Boost)  
  64  9:03  Stalker (Chrono Boost)  
  64  9:05  Twilight Council  
  64  9:16  Assimilator  
  64  9:24  Assimilator  
  66  9:32  Stalker (Chrono Boost)  
  68  9:40  Stalker (Chrono Boost)  
  68  9:51  Pylon  
  68  9:53  Pylon  
  68  9:55  Pylon  
  68  9:58  Stalker (Chrono Boost), Pylon  
  70  10:01  Pylon  
  72  10:10  Stalker (Chrono Boost)  
  72  10:24  Stalker (Chrono Boost)  
  62  10:40  Stalker (Chrono Boost)  
  62  10:50  Stalker (Chrono Boost)  
  64  11:01  Void Ray  
  68  11:10  Stalker (Chrono Boost)  
  70  11:17  Stalker (Chrono Boost)  
  72  11:36  Fleet Beacon  
  99  11:40  Stalker (Chrono Boost)  
  74  11:43  Void Ray (Chrono Boost)  
  78  12:08  Protoss Ground Weapons Level 1  
  78  12:26  Void Ray (Chrono Boost)  
  84  12:42  Stalker  
  84  12:48  Stalker  
  86  12:58  Protoss Air Weapons Level 2  
  86  13:03  Void Ray (Chrono Boost)  
  90  13:08  Stalker  
  92  13:18  Stalker  
  94  13:34  Stalker  
  94  13:40  Void Ray (Chrono Boost)  
  100  13:48  Stalker  
  102  14:00  Stalker  
  102  14:18  Stalker, Void Ray (Chrono Boost)  
  106  14:26  Stalker  
  94  14:48  Stalker  
  94  15:35  Protoss Air Weapons Level 3  
  86  15:54  Stalker  
  84  15:58  Stalker x2  
  90  16:05  Void Ray (Chrono Boost)  
  92  16:20  Stalker  
  88  16:28  Stalker x2  
  78  16:43  Void Ray (Chrono Boost)  
  78  16:46  Stalker  
  76  16:58  Stalker x2  
  80  17:07  Pylon  
  80  17:10  Pylon  
  80  17:13  Stalker  
  80  17:14  Pylon  
  80  17:19  Pylon  
  80  17:20  Void Ray (Chrono Boost), Stargate  
  80  17:22  Stargate  
  86  17:24  Stargate  
  86  17:28  Stalker x2  
  90  17:39  Stalker  
  84  17:57  Void Ray (Chrono Boost)  
  84  17:58  Stalker x2  
  90  18:09  Stalker  
  92  18:27  Void Ray x3 (Chrono Boost)  
  92  18:28  Stalker x2  
  92  18:31  Void Ray (Chrono Boost)  
  98  18:35  Protoss Ground Weapons Level 2  
  98  18:38  Stalker  
  100  18:58  Stalker x2  
  104  19:06  Void Ray x3  
  104  19:08  Stalker  
  114  19:28  Stalker x2  
  114  19:37  Stalker  
  116  19:48  Void Ray  
  116  19:49  Void Ray x2  
  128  19:58  Stalker x2  
  132  20:07  Stalker  
  132  20:31  Void Ray x2  
  132  20:32  Void Ray  
  104  21:14  Void Ray  
  108  21:19  Pylon x2  
  108  21:20  Void Ray x2  
  108  21:21  Pylon  
  116  21:41  Nexus  
  116  21:57  Void Ray  
Show
View Real Time Build Order
Export as new Build Order

A.I. 4 (Very Easy) Zerg 

Build Orders: Pool First 

Get SALT Encoding   

  12  0:01  Drone  
  13  0:12  Overlord  
  13  0:18  Drone  
  14  0:37  Spawning Pool  
  14  0:39  Extractor  
  14  0:40  Drone  
  13  0:47  Drone  
  14  0:53  Overlord  
  14  1:24  Zergling x2  
  14  1:25  Queen  
  17  1:33  Roach Warren  
  17  1:35  Extractor  
  17  1:38  Drone  
  16  1:42  Zergling x2  
  16  1:45  Drone  
  18  1:59  Drone  
  20  2:01  Zergling x2  
  20  2:10  Drone  
  21  2:21  Drone  
  22  2:32  Drone, Overlord  
  23  2:39  Drone  
  24  2:46  Drone  
  25  5:48  Roach  
  25  5:49  Drone, Lair, Overlord  
  28  5:56  Drone  
  29  6:03  Drone  
  30  6:10  Hatchery  
  29  6:13  Drone  
  29  6:20  Drone  
  28  6:28  Drone  
  28  6:32  Roach  
  31  6:35  Drone  
  32  6:47  Overseer  
  32  6:49  Overseer  
  32  7:16  Roach  
  34  7:24  Drone  
  35  7:32  Drone  
  36  7:39  Drone  
  36  7:43  Extractor  
  36  7:46  Drone  
  36  7:48  Extractor  
  36  7:53  Drone  
  37  8:00  Zergling x2  
  37  8:01  Drone  
  39  8:08  Drone  
  40  8:16  Drone  
  41  8:24  Drone  
  42  8:31  Drone  
  43  8:38  Drone  
  44  8:45  Drone  
  44  8:47  Overlord  
  45  8:53  Drone  
  46  9:00  Drone  
  47  9:07  Drone  
  48  9:15  Drone  
  49  9:52  Overseer  
  49  9:53  Overlord  
  49  11:18  Pneumatized Carapace  
  49  11:20  Evolution Chamber, Overseer  
  49  11:21  Overlord  
  49  11:22  Drone, Spire  
  48  11:30  Drone  
  49  11:42  Zergling x2  
  43  11:55  Overseer  
  43  12:33  Mutalisk  
  45  12:52  Hatchery  
  45  12:54  Overlord  
  45  12:56  Overseer  
  44  12:58  Mutalisk  
  46  13:24  Mutalisk  
  30  13:50  Drone  
  30  13:51  Mutalisk  
  20  13:58  Drone  
  21  14:06  Drone  
  22  14:14  Drone  
  21  14:21  Drone, Zergling x2  
  23  14:29  Drone  
  23  14:30  Hatchery  
  23  14:36  Drone  
  24  14:43  Extractor  
  24  14:44  Drone  
  24  14:46  Extractor  
  24  14:50  Roach  
  24  14:52  Drone  
  26  14:59  Drone  
  27  15:01  Extractor  
  27  15:06  Drone  
  26  15:14  Drone  
  26  15:16  Overseer  
  26  15:18  Mutalisk, Extractor  
  27  15:22  Drone  
  27  15:29  Drone  
  28  15:37  Drone  
  28  15:44  Drone  
  28  15:48  Zergling x2  
  29  15:50  Overseer  
  29  15:51  Drone, Overlord  
  29  15:52  Overseer  
  30  15:59  Drone  
  31  16:07  Drone  
  31  16:09  Overlord  
  32  16:16  Corruptor  
  32  16:18  Drone  
  35  16:22  Infestation Pit  
  35  16:25  Drone  
  28  16:32  Drone  
  19  16:40  Drone  
  20  16:47  Drone  
  14  16:57  Overlord  
  12  17:16  Drone, Overlord  
  13  17:35  Drone  
  14  17:37  Overlord  
  14  17:42  Spawning Pool  
  12  17:45  Evolution Chamber  
  11  17:55  Drone  
  11  17:57  Overlord  
  12  18:02  Drone  
  13  18:09  Drone  
  14  18:17  Drone  
  15  18:25  Drone  
  16  18:29  Zergling x2  
  16  18:30  Lair, Queen  
  16  18:32  Drone  
  20  18:39  Drone  
  21  18:47  Drone  
  16  18:54  Drone  
  15  18:59  Zergling x2  
  15  19:01  Drone  
  17  19:08  Drone  
  18  19:15  Drone  
  18  19:24  Drone  
  19  19:27  Zergling x2  
  19  19:28  Extractor  
  19  19:30  Overseer  
  17  19:32  Drone  
  17  19:36  Overseer  
  17  19:37  Overlord  
  16  19:38  Overseer  
  16  19:39  Queen  
  15  19:48  Drone  
  16  19:57  Zergling x2  
  17  20:07  Drone  
  17  20:10  Hatchery  
  17  20:18  Drone  
  17  20:20  Overseer  
    21:21  Drone  
  2  21:32  Drone  
  2  21:43  Drone  
  3  21:52  Evolution Chamber  
  3  21:54  Drone  
  2  22:04  Drone  
  2  22:15  Overlord  
  2  22:26  Drone  
  2  22:30  Spawning Pool  
Show
View Real Time Build Order
Export as new Build Order

A.I. 5 (Very Easy) Zerg 

Build Orders: Pool First 

Get SALT Encoding   

  12  0:01  Drone  
  13  0:12  Overlord  
  13  0:17  Drone  
  14  0:36  Spawning Pool  
  14  0:40  Drone, Extractor  
  13  0:47  Drone  
  14  0:52  Overlord  
  14  1:23  Queen, Zergling x2  
  17  1:32  Roach Warren  
  16  1:35  Drone  
  16  1:39  Extractor  
  16  1:42  Zergling x2  
  16  1:43  Drone  
  18  1:56  Drone  
  20  2:01  Zergling x2  
  20  2:07  Drone  
  21  2:18  Drone  
  22  2:29  Drone  
  23  2:30  Overlord  
  23  2:36  Drone  
  24  2:43  Drone  
  25  5:48  Roach  
  25  5:49  Drone, Lair  
  28  5:50  Overlord  
  28  5:56  Drone  
  29  6:03  Drone  
  30  6:09  Hatchery  
  29  6:11  Drone  
  30  6:19  Drone  
  30  6:27  Drone  
  30  6:29  Roach  
  31  6:49  Overseer x2  
  31  7:10  Roach  
  33  7:22  Drone  
  34  7:30  Drone  
  35  7:37  Drone, Extractor  
  35  7:44  Extractor  
  34  7:45  Drone  
  35  7:52  Drone  
  36  7:59  Drone  
  37  8:07  Drone  
  38  8:14  Drone  
  39  8:22  Drone  
  40  8:29  Drone  
  41  8:36  Drone  
  42  8:43  Drone  
  43  8:51  Drone  
  44  8:58  Drone  
  44  9:01  Overlord  
  45  9:06  Drone  
  46  9:13  Drone  
  47  9:20  Drone  
  48  11:03  Pneumatized Carapace  
  48  11:06  Overseer  
  48  11:07  Evolution Chamber, Zergling x2  
  48  11:08  Overlord  
  48  11:10  Drone, Spire  
  48  11:18  Drone  
  43  11:36  Overseer  
  43  12:21  Mutalisk  
  45  12:37  Overseer  
  45  12:39  Overlord  
  45  12:45  Mutalisk  
  47  13:08  Mutalisk  
  49  13:27  Hatchery  
  49  13:33  Mutalisk  
  50  14:04  Zergling x2  
  50  14:06  Overlord  
  51  14:31  Overseer  
  51  14:33  Overlord  
  51  14:36  Zergling x2  
  51  14:37  Drone  
  27  14:45  Drone  
  28  14:52  Drone  
  30  15:00  Drone  
  30  15:06  Roach  
  32  15:07  Drone  
  31  15:15  Drone  
  31  15:18  Overseer  
  31  15:22  Drone  
  32  15:30  Drone  
  32  15:35  Zergling x2  
  34  15:40  Drone, Overseer  
  34  15:42  Overlord  
  35  15:47  Drone  
  36  15:52  Mutalisk  
  36  16:01  Overlord  
  36  16:02  Overseer  
  31  16:04  Drone  
  31  16:08  Mutalisk  
  33  16:11  Drone  
  33  16:15  Queen  
  33  16:21  Drone  
  31  16:26  Mutalisk  
  31  16:29  Drone  
  32  16:35  Hatchery  
  32  16:37  Drone  
  32  16:44  Mutalisk  
  32  16:46  Drone, Extractor  
  34  16:54  Drone  
  35  17:01  Drone  
  35  17:02  Mutalisk  
  35  17:06  Extractor  
  36  17:08  Drone  
  37  17:16  Drone  
  38  17:23  Drone  
  39  17:33  Drone  
  24  17:46  Overseer  
  24  17:50  Drone  
  7  17:59  Drone  
  1  18:40  Hatchery  
    19:51  Drone  
Show
View Real Time Build Order
Export as new Build Order

A.I. 6 (Medium) Protoss 

Build Orders:  

Get SALT Encoding   

  12  0:01  Probe (Chrono Boost)  
  13  0:12  Probe (Chrono Boost)  
  14  0:21  Pylon  
  14  0:22  Probe (Chrono Boost)  
  15  0:40  Probe (Chrono Boost)  
  16  0:48  Assimilator  
  16  0:50  Probe (Chrono Boost)  
  16  0:51  Gateway  
  17  1:00  Pylon  
  17  1:01  Probe (Chrono Boost)  
  18  1:29  Gateway  
  18  1:34  Assimilator  
  18  1:37  Zealot  
  18  1:43  Cybernetics Core  
  20  2:01  Zealot  
  22  2:10  Pylon  
  22  2:13  Warp Gate  
  22  2:19  Stalker  
  24  2:35  Stalker  
  27  2:38  Probe (Chrono Boost)  
  27  2:48  Stalker  
  27  2:50  Probe (Chrono Boost)  
  30  2:57  Pylon  
  30  3:01  Probe (Chrono Boost)  
  30  3:04  Stalker  
  33  3:12  Forge, Probe (Chrono Boost)  
  34  3:24  Probe (Chrono Boost)  
  35  3:35  Probe (Chrono Boost)  
  36  4:45  Probe (Chrono Boost)  
  36  5:18  Sentry  
  39  5:21  Probe (Chrono Boost)  
  39  5:22  Photon Cannon  
  39  5:25  Photon Cannon  
  39  5:27  Robotics Facility  
  39  5:30  Stargate  
  39  5:31  Adept  
  41  5:36  Pylon  
  41  5:39  Twilight Council, Nexus  
  41  5:41  Gateway  
  41  5:44  Sentry  
  41  5:45  Forge  
  43  5:58  Sentry  
  43  5:59  Pylon  
  39  6:11  Adept  
  39  6:15  Observer  
  42  6:24  Zealot  
  38  6:34  Probe (Chrono Boost)  
  38  6:35  Observer  
  38  6:37  Stalker  
  41  6:50  Stalker  
  41  6:54  Probe (Chrono Boost)  
  44  6:55  Probe (Chrono Boost)  
  45  7:03  Zealot  
  45  7:05  Probe (Chrono Boost)  
  45  7:06  Probe (Chrono Boost)  
  49  7:09  Assimilator  
  49  7:11  Pylon  
  49  7:14  Pylon  
  49  7:16  Stalker  
  49  7:17  Probe x2 (Chrono Boost)  
  53  7:28  Probe (Chrono Boost)  
  53  7:29  Stalker  
  57  7:30  Probe (Chrono Boost)  
  57  7:36  Photon Cannon  
  57  7:38  Photon Cannon  
  57  7:39  Probe (Chrono Boost)  
  57  7:41  Probe (Chrono Boost)  
  59  7:50  Probe (Chrono Boost)  
  60  7:52  Probe (Chrono Boost)  
  61  8:00  Probe (Chrono Boost)  
  61  8:02  Probe (Chrono Boost)  
  63  8:11  Probe (Chrono Boost)  
  64  8:13  Observer, Probe (Chrono Boost)  
  65  8:22  Probe (Chrono Boost)  
  65  8:24  Probe (Chrono Boost)  
  68  8:34  Probe (Chrono Boost)  
  68  8:56  Assimilator  
  68  9:44  Warp Prism  
  68  9:45  Protoss Ground Weapons Level 1, Protoss Ground Armor Level 1  
  68  9:47  Stalker  
  68  9:48  Gateway  
  68  9:50  Robotics Facility  
  72  9:55  Stargate  
  72  9:56  Nexus  
  72  9:57  Stalker  
  74  10:02  Pylon  
  74  10:07  Stalker, Templar Archives  
  74  10:11  Robotics Bay  
  76  10:15  Dark Shrine  
  76  10:18  Stalker  
  76  10:20  Observer  
  79  10:22  Fleet Beacon  
  79  10:28  Stalker  
  74  10:37  Void Ray  
  74  10:38  Observer  
  74  10:39  Warp Prism  
  65  10:49  Stalker  
  67  10:56  Observer Gravitic Boosters  
  67  10:59  Zealot  
  69  11:09  Stalker  
  72  11:11  Probe (Chrono Boost)  
  72  11:15  Probe (Chrono Boost)  
  72  11:16  Probe (Chrono Boost)  
  74  11:20  Sentry  
  74  11:23  Probe (Chrono Boost)  
  74  11:25  Probe (Chrono Boost), Assimilator  
  78  11:28  Probe (Chrono Boost)  
  78  11:30  Stalker  
  78  11:32  Pylon  
  81  11:33  Probe (Chrono Boost)  
  81  11:37  Probe (Chrono Boost), Pylon  
  81  11:39  Assimilator  
  84  11:40  Probe (Chrono Boost)  
  84  11:41  Stalker  
  84  11:45  Probe (Chrono Boost)  
  84  11:46  Gravitic Drive  
  87  12:01  Photon Cannon  
  87  12:03  Photon Cannon  
  87  12:45  Observer  
  87  13:45  Blink  
  87  13:47  Protoss Ground Armor Level 2, Protoss Air Weapons Level 1  
  87  13:48  Adept  
  89  13:55  Adept  
  89  14:02  Phoenix  
  91  14:08  Disruptor  
  94  14:18  Zealot  
  94  14:25  Adept  
  84  14:34  Adept  
  76  14:41  Adept  
  74  14:49  Sentry  
  74  14:55  Phoenix  
  69  15:01  Disruptor  
  72  15:11  Tempest  
  73  15:19  Void Ray  
  75  15:26  Immortal  
  70  15:36  Adept  
  69  15:44  Sentry  
  67  15:50  Void Ray  
  68  15:58  Stalker  
  68  16:02  Pylon  
  68  16:03  Warp Prism, Void Ray  
  70  16:06  Forge  
  72  16:13  Stalker  
  72  16:15  Gateway  
  70  16:20  Stalker  
  72  16:26  Robotics Facility  
  72  16:27  Stalker  
  72  16:29  Protoss Ground Armor Level 3  
  66  16:35  Stalker  
  66  16:37  Warp Prism  
  66  16:39  Void Ray  
  70  16:43  Forge  
  70  17:00  Stalker  
  65  17:08  Stalker  
  66  17:13  Protoss Shields Level 1  
  66  17:14  Pylon  
  66  17:15  Stalker  
  67  17:23  Stalker  
  67  17:29  Void Ray  
  67  17:38  Immortal  
  67  17:46  Adept  
  63  17:52  Disruptor  
  63  17:56  Pylon  
  64  17:59  Templar Archives  
  64  18:02  Adept  
  66  18:09  Void Ray  
  70  18:17  Adept  
  72  18:24  Adept  
  73  18:29  Pylon  
  73  18:32  Pylon  
  73  18:34  Disruptor  
  73  18:37  Stargate  
  76  18:42  Adept  
  78  18:50  Zealot  
  80  18:58  Sentry  
  80  19:02  Fleet Beacon  
  81  19:05  Zealot  
  79  19:12  Zealot  
  81  19:21  Stalker  
  77  19:29  Zealot  
  73  19:37  Zealot  
  54  19:39  Nexus  
  54  19:45  Zealot  
  51  19:47  Pylon  
  51  19:52  Zealot  
  52  19:53  Fleet Beacon  
  52  19:59  Protoss Air Armor Level 1  
  45  20:06  Immortal  
  24  20:09  Probe (Chrono Boost)  
  19  20:14  Zealot  
  21  20:21  Probe (Chrono Boost)  
  21  20:22  Stalker  
  21  20:28  Robotics Facility  
  23  20:33  Probe (Chrono Boost)  
  23  20:34  Zealot  
  16  20:45  Immortal  
  18  20:50  Sentry  
  18  20:55  Probe (Chrono Boost)  
  18  20:57  Zealot  
  20  21:05  Stalker  
  20  21:06  Probe (Chrono Boost)  
  23  21:13  Stalker  
  23  21:18  Probe (Chrono Boost)  
  24  21:22  Stalker  
  24  21:23  Nexus  
  20  21:29  Immortal  
  20  21:30  Probe (Chrono Boost)  
  21  21:36  Stalker, Pylon  
  17  21:41  Probe (Chrono Boost)  
  17  21:45  Zealot  
  17  21:46  Nexus  
  19  21:49  Stalker  
  19  21:53  Probe (Chrono Boost)  
  20  21:55  Sentry  
  16  22:02  Zealot  
  16  22:04  Assimilator  
  16  22:05  Probe (Chrono Boost)  
  22  22:22  Zealot  
  24  22:27  Assimilator  
  17  22:42  Zealot  
Show
View Real Time Build Order
Export as new Build Order

A.I. 7 (Medium) Terran 

Build Orders:  

Get SALT Encoding   

  12  0:01  SCV  
  13  0:13  SCV  
  14  0:18  Supply Depot  
  14  0:25  SCV  
  15  0:40  SCV  
  16  0:45  Barracks  
  16  0:50  Refinery  
  16  0:52  SCV  
  17  1:04  SCV  
  18  1:17  Supply Depot  
  18  1:32  Marine  
  19  1:34  Barracks, Orbital Command  
  19  1:42  Refinery  
  19  1:50  Barracks Tech Lab  
  19  2:08  Marine  
  20  2:11  Supply Depot  
  20  2:25  Marine  
  21  2:30  SCV  
  21  2:31  Marine  
  23  2:42  SCV  
  23  2:43  Engineering Bay  
  23  2:44  Marauder  
  26  2:54  SCV  
  26  2:55  Supply Depot  
  27  3:05  Marauder  
  29  3:07  SCV  
  30  3:19  SCV  
  31  3:27  Marauder  
  33  3:31  SCV  
  34  3:48  Marauder  
  36  4:29  SCV  
  36  5:15  Barracks Tech Lab  
  36  5:17  Marine, SCV  
  36  5:18  Factory  
  36  5:20  Factory  
  38  5:24  Supply Depot  
  38  5:26  Missile Turret  
  38  5:29  SCV, Missile Turret  
  38  5:32  Barracks  
  38  5:33  Command Center  
  39  5:35  Marine  
  39  5:38  Sensor Tower  
  39  5:41  SCV  
  40  5:49  Supply Depot  
  40  5:52  Bunker  
  40  6:04  Factory Tech Lab x2, Starport  
  40  6:15  Marine  
  37  6:19  Armory  
  31  6:28  Marine  
  30  6:36  Barracks Reactor  
  30  6:41  Marine, Starport Tech Lab  
  30  6:46  SCV  
  32  6:49  Refinery  
  32  6:50  SCV  
  33  6:54  Marine  
  33  6:59  SCV  
  33  7:01  Raven  
  37  7:02  SCV  
  37  7:06  Missile Turret  
  37  7:07  Marauder  
  37  7:08  Missile Turret  
  40  7:11  Refinery, SCV  
  40  7:14  SCV  
  42  7:20  Marauder  
  44  7:23  SCV  
  44  7:26  SCV  
  44  7:29  Bunker  
  46  7:33  Siege Tank  
  46  7:35  SCV  
  50  7:38  SCV  
  50  7:43  Raven  
  53  7:46  Siege Tank  
  53  7:47  SCV  
  53  7:50  SCV  
  56  7:59  Marauder, SCV  
  56  8:03  SCV  
  60  8:11  SCV  
  60  8:12  Cyclone  
  65  8:15  SCV  
  66  8:23  SCV  
  67  8:27  SCV  
  68  8:35  SCV  
  68  8:39  SCV  
  70  8:43  Supply Depot  
  70  8:47  SCV  
  71  8:51  SCV  
  72  9:44  Medivac  
  74  9:45  Marine  
  74  9:47  Stimpack, Combat Shields  
  74  9:49  Starport  
  74  9:50  Terran Infantry Weapons Level 1  
  74  9:51  Marine  
  76  9:54  Supply Depot  
  76  9:56  Marine, Ghost Academy  
  77  10:00  Fusion Core  
  77  10:02  Marine, Engineering Bay  
  78  10:07  Marauder  
  78  10:08  Armory  
  78  10:12  Marauder  
  82  10:14  Raven  
  82  10:20  Supply Depot  
  80  10:21  Command Center  
  80  10:27  Medivac  
  82  10:29  Ghost  
  82  10:33  Terran Infantry Armor Level 1  
  73  10:36  Marine  
  73  10:41  Marine  
  66  10:46  Marine  
  67  10:54  Marauder  
  69  10:57  Starport Tech Lab, Raven  
  69  10:58  Marine  
  69  11:02  Marine  
  73  11:06  Concussive Shells  
  73  11:08  Marine  
  74  11:15  Raven  
  74  11:16  Marauder  
  78  11:34  SCV  
  78  11:38  SCV  
  80  11:41  SCV  
  80  11:47  SCV  
  82  11:50  SCV  
  82  11:53  Refinery, SCV  
  84  11:58  Missile Turret  
  84  12:02  Missile Turret  
  84  12:04  Refinery  
  84  12:27  Bunker  
  84  13:08  Siege Tank  
  84  13:12  Terran Infantry Weapons Level 2  
  87  13:13  Terran Infantry Armor Level 2  
  87  13:14  Siege Tank  
  87  13:16  Supply Depot, Terran Vehicle Weapons Level 1  
  90  13:20  Marine  
  90  13:25  Marine  
  92  13:37  Terran Vehicle And Ship Armor Level 1  
  92  13:40  Siege Tank  
  93  13:44  Supply Depot  
  93  13:45  Medivac  
  93  13:46  Thor  
  93  13:47  Marine  
  82  13:52  Marine  
  79  13:58  Raven  
  79  13:59  Marine  
  82  14:04  Marine  
  82  14:09  Marine  
  82  14:15  Marine, Raven  
  79  14:20  Marine  
  76  14:26  Marine  
  77  14:32  Marine  
  77  14:37  Marine  
  76  14:42  Marine  
  73  14:48  Marine  
  66  14:54  Hellion  
  66  14:58  Medivac  
  66  14:59  Siege Tank  
  69  15:05  Marine  
  66  15:15  Siege Tank  
  66  15:17  Marine  
  70  15:22  Marine  
  70  15:28  Medivac  
  70  15:29  Terran Infantry Armor Level 3  
  70  15:30  Terran Infantry Weapons Level 3  
  70  15:31  Siege Tank  
  70  15:33  Marine  
  76  15:36  Terran Vehicle Weapons Level 2  
  76  15:38  Marine  
  68  15:44  Marine  
  68  15:48  Supply Depot  
  68  15:49  Thor  
  73  15:54  Marine  
  73  15:58  Raven  
  73  15:59  Marine  
  68  16:05  Marine  
  68  16:10  Marine  
  67  16:15  Marine  
  66  16:20  Marine  
  65  16:27  Marine  
  65  16:28  Terran Vehicle And Ship Armor Level 2  
  65  16:32  Marine  
  65  16:37  Marine  
  65  16:41  Medivac  
  65  16:43  Marine  
  64  16:48  Marine  
  64  16:54  Siege Tank  
  58  16:58  Marine  
  53  17:03  Hellion  
  53  17:07  Marine  
  51  17:10  Marine, SCV  
  51  17:13  Marine, SCV  
  51  17:16  SCV  
  51  17:17  Marine  
  51  17:22  SCV  
  50  17:24  Raven  
  50  17:25  Marine, SCV  
  50  17:28  Marine, SCV  
  53  17:31  Marine  
  53  17:34  SCV  
  53  17:35  Marine  
  56  17:39  SCV  
  56  17:43  Marine  
  51  17:46  Marine  
  51  17:49  Marine, SCV  
  51  17:52  Marine  
  51  17:53  Terran Ship Weapons Level 1  
  51  17:55  SCV  
  52  18:01  Marauder, Starport  
  52  18:04  Marine, SCV  
  50  18:07  Marine  
  50  18:10  Medivac  
  50  18:12  Marine  
  50  18:15  SCV  
  50  18:19  SCV  
  49  18:21  Marine  
  49  18:23  Marine  
  49  18:25  SCV  
  51  18:29  Marine  
  51  18:32  Marine  
  53  18:40  Raven x2  
  57  18:41  Marauder  
  57  18:43  Marine  
  57  18:50  Marine x2  
  59  19:01  SCV  
  59  19:02  Marine  
  59  19:04  Marine  
  59  19:06  SCV  
  59  19:09  Marauder  
  61  19:13  SCV  
  59  19:17  Marine  
  59  19:18  SCV  
  59  19:21  Marine  
  59  19:22  Raven  
  62  19:25  Marine  
  62  19:30  Marine  
  60  19:33  SCV  
  60  19:35  Marine  
  59  19:39  Marine, SCV  
  59  19:43  Marine  
  59  19:45  SCV  
  59  19:48  Marine  
  59  19:52  SCV  
  58  19:53  Marine  
  58  19:57  SCV  
  58  19:58  Marauder  
  55  20:01  Marine  
  55  20:04  SCV  
  55  20:06  Marine  
  55  20:10  Marine, SCV  
  55  20:13  Medivac  
  53  20:16  SCV  
  53  20:18  Marine, Ghost  
  50  20:22  SCV, Raven  
  50  20:24  Marauder  
  50  20:28  Marine, SCV  
  46  20:32  Hellion  
  46  20:34  SCV  
  50  20:36  Marine  
  50  20:40  SCV  
  52  20:43  Medivac  
  52  20:46  Marauder, Marine  
  52  20:47  Marine  
  55  20:54  Marine  
  54  20:57  Hellion, Unknown x3  
  56  21:05  Marauder, Raven  
  56  21:06  Marine  
  56  21:07  Marauder  
  60  21:12  Marine  
  60  21:17  Hellion  
  50  21:22  SCV  
  50  21:23  Marine  
  39  21:27  Marine, SCV  
  39  21:28  Marine  
  39  21:30  Marine  
  36  21:35  SCV  
  38  21:40  SCV  
  38  21:41  Marine  
  38  21:44  Marine  
  38  21:46  Marine  
  40  21:47  SCV  
  40  21:48  Marine  
  40  21:53  Hellion  
  40  21:54  SCV  
  41  21:59  Marine  
  38  22:03  Ghost  
  38  22:04  Marauder  
  38  22:06  Marine  
  34  22:17  Marine  
  34  22:19  Hellion  
  37  22:25  Marine  
Tags
 
Add a new tag
Caveats
  • Supply blocks, unpowered buildings, or Contaminate may cause inaccurate times.
  • Supply counts are checked every 10 seconds.